 Dungeon Crawl Stone Soup version 0.29.1-12-g30fa7ad0bf (webtiles) character file.

Game seed: 8106450391322046575

56007 fleeber the Geomancer (level 14, -5/84 HPs)
             Began as a Gargoyle Earth Elementalist on Dec 20, 2022.
             Was a High Priest of Sif Muna.
             Slain by an ettin
             ... wielding a +0 dire flail
              (27 damage)
             ... on level 1 of the Orcish Mines.
             The game lasted 01:53:13 (26326 turns).

fleeber the Geomancer (GrEE)                       Turns: 26326, Time: 01:53:13

Health: -5/84      AC: 18    Str: 20    XL:     14   Next: 79%
Magic:  26/26      EV: 12    Int: 27    God:    Sif Muna [*****.]
Gold:   1180       SH:  2    Dex:  5    Spells: 14/29 levels left

rFire   . . .      SeeInvis +   w - +4 spear of Gelliqap {vorpal, rC++}
rCold   + + .      Faith    .   E - +0 buckler
rNeg    + . .      Spirit   .   a - +0 robe
rPois   ∞          Reflect  .   M - +0 helmet
rElec   +          Harm     .   R - +1 cloak
rCorr   .          Rampage  .   l - +1 pair of gloves
Will    ++...                   p - +0 pair of boots of the Miller {rPois Str+8 Dex-5 SInv}
Stlth   +.........              g - amulet of magic regeneration
HPRegen 0.24/turn               e - +6 ring of intelligence
MPRegen 0.60/turn               v - ring of willpower

@: flying
A: sickness immunity, AC +10, big wings, negative energy resistance 1,
electricity resistance, torment resistance 1, petrification resistance
a: Renounce Religion, Channel Magic, Forget Spell, Divine Exegesis


You were on level 1 of the Orcish Mines.
You worshipped Sif Muna.
Sif Muna was extremely pleased with you.
You visited 4 branches of the dungeon, and saw 19 of its levels.

You collected 1660 gold pieces.
You spent 480 gold pieces at shops.

Inventory:

Hand Weapons
 w - the +4 spear of Gelliqap (weapon) {vorpal, rC++}
   (You found it on level 4 of the Dungeon)

   It inflicts extra damage upon your enemies.
   rC:        It greatly protects you from cold.
Missiles
 d - 166 stones (quivered)
 B - 5 throwing nets
Armour
 a - a +0 robe (worn)
 l - a +1 pair of gloves (worn)
 p - the +0 pair of boots of the Miller (worn) {rPois Str+8 Dex-5 SInv}
   (You found it on level 2 of the Dungeon)

   Str:       It affects your strength (+8).
   Dex:       It affects your dexterity (-5).
   rPois:     It protects you from poison.
   SInv:      It lets you see invisible.
 E - a +0 buckler (worn)
 M - a +0 helmet (worn)
 R - a +1 cloak (worn)
Jewellery
 e - a +6 ring of intelligence (left hand)
 g - an amulet of magic regeneration (around neck)
 v - a ring of willpower (right hand)
Wands
 h - a wand of paralysis (27)
 s - a wand of iceblast (3)
 G - a wand of mindburst (24)
 Q - a wand of flame (18)
 S - a wand of digging (2)
 X - a wand of quicksilver (2)
 Y - a wand of polymorph (4)
Scrolls
 j - a scroll of enchant weapon
 m - 4 scrolls of immolation
 n - 10 scrolls of teleportation
 o - a scroll of enchant armour
 q - 2 scrolls of summoning
 r - 3 scrolls of poison
 u - 2 scrolls of fear
 y - 3 scrolls of blinking
 C - a scroll of acquirement {unknown}
 I - 2 scrolls of butterflies
 J - a scroll of magic mapping
 K - 3 scrolls of noise
 L - 3 scrolls of amnesia
 O - 2 scrolls of vulnerability
 V - a scroll of torment {unknown}
 W - a scroll of silence {unknown}
 Z - a scroll of brand weapon {unknown}
Potions
 b - 3 potions of magic
 c - 9 potions of curing
 f - 6 potions of mutation
 k - 5 potions of heal wounds
 t - 8 potions of brilliance
 x - 2 potions of flight
 z - 3 potions of berserk rage
 A - 3 potions of invisibility
 D - a potion of degeneration {unknown}
 F - 3 potions of cancellation
 H - 2 potions of lignification
 N - a potion of might {unknown}
 P - 2 potions of haste
 U - 2 potions of attraction
Miscellaneous
 i - a lightning rod (4/4)
 T - a phantom mirror


   Skills:
 - Level 8.0 Fighting
 - Level 8.0 Dodging
 - Level 2.1 Stealth
 - Level 1.0 Shields
 - Level 8.0 Spellcasting
 + Level 12.2 Conjurations
 + Level 1.8 Summonings
 - Level 8.0 Translocations
 - Level 0.7 Transmutations
 - Level 14.0 Earth Magic
 - Level 8.0 Invocations
 - Level 8.0 Evocations


You had 14 spell levels left.
You knew the following spells:

 Your Spells              Type           Power      Damage    Failure   Level
a - Sandblast             Erth           100%       2d20      1%          1
b - Stone Arrow           Conj/Erth      100%       3d13      1%          3
c - Iskenderun's Mystic   Conj/Tloc      60%        2d13      1%          4
d - Teleport Other        Tloc           52%        N/A       1%          3
e - Blink                 Tloc           100%       N/A       1%          2
f - Passwall              Tmut/Erth      41%        N/A       1%          2

Your spell library contained the following spells:

 Spells                   Type           Power      Damage    Failure   Level
 Magic Dart               Conj           100%       1d8       1%          1
 Searing Ray              Conj           100%       2d8       1%          2
 Dazzling Flash           Conj/Hex       86%        N/A       1%          3
 Gell's Gravitas          Tloc           52%        N/A       1%          3
 Animate Armour           Summ/Erth      100%       N/A       2%          4
 Passage of Golubria      Tloc           52%        N/A       2%          4
 Petrify                  Tmut/Erth      50%        N/A       3%          4
 Fulminant Prism          Conj/Hex       21%        3d13      6%          4
 Poisonous Vapours        Pois/Air       20%        N/A       11%         2
 Summon Guardian Golem    Hex/Summ       15%        N/A       16%         3
 Tukima's Dance           Hex            10%        N/A       22%         3
 Dispersal                Tloc           26%        N/A       38%         6
 Orb of Destruction       Conj           33%        9d10      38%         7
 Summon Ice Beast         Ice/Summ       15%        N/A       45%         4
 Corpse Rot               Necr/Pois/Air  10%        N/A       56%         4
 Starburst                Conj/Fire      21%        6d7       65%         6
 Summon Mana Viper        Hex/Summ       15%        N/A       80%         5
 Agony                    Necr           10%        N/A       89%         5
 Silence                  Hex/Air        5%         N/A       89%         5
 Spellforged Servitor     Conj/Summ      24%        N/A       98%         7
 Monstrous Menagerie      Summ           10%        N/A       100%        7
 Chain Lightning          Conj/Air       21%        3d28      100%        9
 Fire Storm               Conj/Fire      21%        8d6       100%        9
 Shatter                  Erth           36%        3d29*     100%        9


Dungeon Overview and Level Annotations

Branches:
Dungeon (12/15)            Temple (1/1) D:4            Lair (5/5) D:8
  Swamp (0/4) Lair:2        Snake (0/4) Lair:2        Slime (0/5) Lair:5
    Orc (1/2) D:9

Altars:
Ashenzari
Cheibriados
Dithmenos
Elyvilon
Fedhas
Gozag
Hepliaklqana
Kikubaaqudgha
Makhleb
Nemelex Xobeh
Okawaru
Qazlal
Ru
Sif Muna
Trog
Uskayaw
Vehumet
Wu Jian
Xom
Yredelemnul
Zin
The Shining One

Shops:
D:4 :   D:7 [

Annotations:
D:5 3 runed translucent doors, Rudyous's ghost, novice MiFi
D:10 3 runed translucent doors, Ankhtithe's ghost, journeyman DgEE
D:12 3 runed translucent doors, sanboga's ghost, journeyman MiBe
Lair:1 exclusion: 3 oklob plants
Lair:2 3 runed translucent doors, Puri's ghost, journeyman MfIE


Innate Abilities, Weirdness & Mutations

You are immune to sickness and miasma.
Your stone body is resilient. (AC +10)
You are immune to poison.
Your large and strong wings let you fly.
You resist negative energy. (rN+)
You are resistant to electric shocks. (rElec)
You are resistant to unholy torment.
You are immune to petrification.


Message History

Level annotation: 3 runed translucent doors, Ankhtithe's ghost, journeyman DgEE
There is a stone staircase leading down here.
There is a stone staircase leading up here.
You fly upwards.
There is a stone staircase leading down here.
There is an open door here.
There is a staircase to the Orcish Mines here.
You fly downwards.
Welcome to the Orcish Mines!
The orc shouts!
The ettin shouts in stereo!
Found 84 gold pieces.
Found an escape hatch in the floor.
Found two stone staircases leading down.
There is a staircase back to the Dungeon here.
Aiming: Sandblast (safe; 1% risk of failure)
Press: ? - help, Shift-Dir - straight line, f - orc
Aim: an orc, wielding a +0 trident (85% to hit)
The blast of sand hits the orc!
You kill the orc!
Sif Muna accepts your kill.
The orc pulls the alarm!
The alarm trap emits a blaring wail!
A sentinel's mark forms upon you.
You hear a shout! x5
You hear a shout! x8
The orc priest looks encouraged for a moment.
You hear a shout! x2
You fly upwards.
Welcome back to the Dungeon!
There is a staircase to the Orcish Mines here.
You start waiting.
The sentinel's mark upon you fades away.
You fly downwards.
Welcome back to the Orcish Mines!
The ettin hits you with a +0 dire flail!!
The ettin hits you with a +0 dire flail!
The orc priest mumbles some strange prayers to Beogh against you.
Beogh smites you! The orc warrior barely misses you.
The orc warrior hits you but does no damage.
The orc closely misses you.
The ettin hits you with a +0 dire flail!!
* * * LOW HITPOINT WARNING * * *
The ettin hits you with a +0 dire flail!!
You die...

##.####$...###
#....#.......#
##.........$...
#......o$......
...............
...............
#.....C.o.....>
......>@o...#
........)....#
#.#..........#
........$.$...#
.......#.......
..>.#.# ....#.#
...##. ...## #
... .. ...#


You could see an ettin, an orc warrior, an orc priest and an orc.

Vanquished Creatures
  A dire elephant (Lair:5)
  Josephine (D:10)
  3 boulder beetles
  2 hydras (Lair:2)
  A merfolk avatar (Lair:5)
  2 two-headed ogres
  6 death yaks
  Sonja (Lair:3)
  A sea snake (Lair:5)
  A lindwurm (Lair:4)
  2 harpies (Lair:5)
  An ugly thing (D:11)
  2 manticores
  2 cyclopes
  Maurice (D:9)
  11 elephants
  3 black mambas
  13 cane toads
  Psyche (D:9)
  13 komodo dragons
  A kobold demonologist (D:11)
  5 rime drakes
  7 polar bears
  2 trolls
  2 wind drakes (Lair:5)
  2 hornets
  19 blink frogs
  2 snapping turtles (Lair:5)
  2 shadows
  4 wyverns
  5 wraiths
  59 yaks
  3 vampire mosquitoes (D:8)
  4 steam dragons
  A basilisk (Lair:2)
  3 nagas (Lair:2)
  An acid dragon (D:12)
  15 water moccasins
  10 orc warriors
  A sky beast (D:6)
  2 ice beasts
  2 black bears
  19 wolves
  2 ogres
  7 centaurs
  2 phantoms (D:5)
  A kobold brigand (D:9)
  10 bullfrogs
  3 scorpions
  2 gnoll sergeants
  A necrophage (D:4)
  7 wights
  6 killer bees
  4 electric eels
  6 howler monkeys
  13 orc priests
  5 hounds
  A gnoll bouda (D:5)
  3 jellies
  Ijyb (D:3)
  3 iguanas
  20 orc wizards
  7 hell rats (Lair:2)
  11 gnolls
  12 river rats (Lair:2)
  11 adders
  2 shadow imps (D:6)
  An ufetubus (D:3)
  2 worms
  3 dart slugs
  71 orcs
  6 ball pythons
  6 endoplasms
  A giant cockroach (D:3)
  8 goblins
  3 hobgoblins
  8 quokkas
  4 bats
  A frilled lizard (D:3)
  11 kobolds
  20 rats
524 creatures vanquished.

Vanquished Creatures (collateral kills)
  A hydra (Lair:5)
  A hornet (Lair:5)
  A blink frog (Lair:5)
3 creatures vanquished.

Vanquished Creatures (others)
  A yak (Lair:5)
  A bush (Lair:5)
  28 fungi
  86 plants
116 creatures vanquished.

Grand Total: 643 creatures vanquished

Notes
Turn   | Place    | Note
-------+----------+-------------------------------------------
     0 | D:1      | fleeber the Gargoyle Earth Elementalist began the quest for
                  | the Orb.
     0 | D:1      | Reached XP level 1. HP: 10/10 MP: 3/3
   438 | D:1      | Reached XP level 2. HP: 15/15 MP: 3/5
   494 | D:1      | Reached skill level 1 in Conjurations
  1006 | D:2      | Reached skill level 4 in Earth Magic
  1006 | D:2      | Reached XP level 3. HP: 19/19 MP: 3/6
  1343 | D:2      | Identified the +0 pair of boots of the Miller {rPois Str+8
                  | Dex-5 SInv}
  1382 | D:2      | Found a faded altar of an unknown god.
  1558 | D:2      | You fall into a shaft and drop 1 floor!
  1753 | D:3      | Found a burning altar of Makhleb.
  2060 | D:3      | Reached XP level 4. HP: 24/24 MP: 6/8
  2577 | D:3      | Noticed Ijyb
  2590 | D:3      | Killed Ijyb
  2726 | D:4      | Noticed a necrophage
  2803 | D:4      | Reached XP level 5. HP: 28/28 MP: 7/9
  2952 | D:4      | Reached skill level 5 in Earth Magic
  3092 | D:4      | Reached XP level 6. HP: 32/32 MP: 5/11
  3164 | D:4      | Found a staircase to the Ecumenical Temple.
  3223 | Temple   | Entered the Ecumenical Temple
  3374 | Temple   | Became a worshipper of Sif Muna the Loreminder
  3471 | D:4      | Found Ziubb's Book Boutique.
  3482 | D:4      | Learned a level 3 spell: Stone Arrow
  3642 | D:4      | Identified the +4 spear of Gelliqap {vorpal, rC++}
  3807 | D:5      | Entered Level 5 of the Dungeon
  3808 | D:5      | Noticed a water moccasin
  4033 | D:5      | Reached skill level 6 in Earth Magic
  4048 | D:4      | Reached XP level 7. HP: 32/36 MP: 2/13
  4350 | D:5      | Reached skill level 5 in Conjurations
  4416 | D:5      | Found a runed translucent gate.
  4416 | D:5      | Found a runed translucent gate.
  4416 | D:5      | Identified the +4 chain mail of Wicked Awe {+Inv rElec
                  | rCorr Slay-5}
  4467 | D:5      | Found a runed translucent gate.
  4472 | D:5      | Noticed Rudyous's ghost (novice MiFi)
  4509 | D:5      | Reached skill level 1 in Shields
  4675 | D:5      | Reached * piety under Sif Muna
  4682 | D:5      | Reached skill level 7 in Earth Magic
  4813 | D:5      | Reached XP level 8. HP: 41/41 MP: 5/14
  5140 | D:5      | Reached skill level 8 in Earth Magic
  5486 | D:5      | Found a shimmering altar of Xom.
  5886 | D:6      | Reached skill level 1 in Translocations
  6385 | D:6      | Reached XP level 9. HP: 45/45 MP: 1/15
  6802 | D:7      | Learned a level 4 spell: Iskenderun's Mystic Blast
  6968 | D:7      | Reached skill level 5 in Translocations
  7092 | D:7      | Reached ** piety under Sif Muna
  7332 | D:7      | Learned a level 3 spell: Teleport Other
  7397 | D:7      | Found a blossoming altar of Fedhas.
  7509 | D:7      | Found Bafraad's Antique Armour Emporium.
  7991 | D:8      | Noticed a hornet
  7993 | D:8      | Killed a hornet
  8239 | D:7      | Reached skill level 1 in Fighting
  8413 | D:8      | Reached XP level 10. HP: 29/53 MP: 7/16
  9687 | D:8      | Found a staircase to the Lair.
 10062 | D:9      | Noticed Psyche
 10067 | D:9      | Killed Psyche
 10067 | D:9      | Reached *** piety under Sif Muna
 10484 | D:9      | Reached skill level 1 in Invocations
 10590 | D:9      | Reached skill level 5 in Fighting
 10592 | D:9      | Reached skill level 1 in Evocations
 10940 | D:9      | Noticed Maurice
 10947 | D:9      | Killed Maurice
 10948 | D:9      | Reached XP level 11. HP: 53/64 MP: 1/17
 11731 | D:9      | Found a staircase to the Orcish Mines.
 11875 | D:9      | Found a glowing golden altar of the Shining One.
 11982 | D:10     | Entered Level 10 of the Dungeon
 12024 | D:10     | Found a radiant altar of Vehumet.
 12137 | D:10     | Reached skill level 10 in Conjurations
 12223 | D:10     | Noticed a two-headed ogre
 12293 | D:10     | Killed a two-headed ogre
 12517 | D:9      | Reached skill level 5 in Dodging
 12628 | D:10     | Noticed Josephine
 12634 | D:9      | Reached **** piety under Sif Muna
 12916 | D:10     | Found a runed translucent gate.
 12917 | D:10     | Found a runed translucent gate.
 12918 | D:10     | Found a runed translucent gate.
 12920 | D:10     | Noticed Ankhtithe's ghost (journeyman DgEE)
 12920 | D:10     | Noticed a nine-headed hydra
 13018 | D:10     | Found a white marble altar of Elyvilon.
 13029 | D:10     | Killed Josephine
 13608 | D:11     | Noticed a two-headed ogre
 13613 | D:11     | Killed a two-headed ogre
 13736 | D:11     | Noticed a cyan ugly thing
 13740 | D:11     | Killed a cyan ugly thing
 13741 | D:11     | Reached skill level 5 in Spellcasting
 14446 | D:11     | Reached XP level 12. HP: 71/71 MP: 6/19
 14518 | D:11     | Reached skill level 5 in Invocations
 15112 | Lair:1   | Entered Level 1 of the Lair of Beasts
 15756 | Lair:1   | Noticed a boulder beetle
 15783 | Lair:1   | Killed a boulder beetle
 16290 | Lair:2   | Found a staircase to the Swamp.
 16291 | Lair:2   | Noticed a six-headed hydra
 16302 | Lair:2   | Killed a six-headed hydra
 16303 | Lair:2   | Reached skill level 5 in Evocations
 16620 | Lair:2   | Noticed a minotaur
 16621 | Lair:2   | Noticed Puri's ghost (journeyman MfIE)
 16669 | Lair:2   | Noticed a boulder beetle
 16812 | Lair:2   | Found a staircase to the Snake Pit.
 16999 | Lair:2   | Reached ***** piety under Sif Muna
 17014 | Lair:2   | Received a gift from Sif Muna
 17017 | Lair:2   | Got Mofuow's Volume of Shifting Fascination {god gift}
 17084 | Lair:2   | Learned a level 2 spell: Blink
 17291 | Lair:2   | Noticed a five-headed hydra
 17314 | Lair:2   | Reached XP level 13. HP: 78/78 MP: 17/22
 17403 | Lair:2   | Found a runed translucent gate.
 17403 | Lair:2   | Found a runed translucent gate.
 17403 | Lair:2   | Found a runed translucent gate.
 18194 | Lair:3   | Noticed Sonja
 18199 | Lair:3   | Killed Sonja
 19460 | Lair:4   | Received a gift from Sif Muna
 19796 | Lair:4   | Learned a level 2 spell: Passwall
 21211 | Lair:5   | Entered Level 5 of the Lair of Beasts
 21227 | Lair:5   | Gained mutation: Your large and strong wings let you fly.
                  | [Gargoyle growth]
 21227 | Lair:5   | Reached XP level 14. HP: 84/84 MP: 8/26
 21228 | Lair:5   | Reached skill level 9 in Earth Magic
 21443 | Lair:5   | Reached skill level 10 in Earth Magic
 21749 | Lair:5   | Reached skill level 11 in Earth Magic
 21817 | Lair:5   | Received a gift from Sif Muna
 22002 | Lair:5   | Got Sif Muna's Secrets of Chthonic Companions {god gift}
 22177 | Lair:5   | Reached skill level 12 in Earth Magic
 22344 | Lair:5   | Found a staircase to the Slime Pits.
 22454 | Lair:5   | Noticed a dire elephant
 22907 | Lair:5   | Reached skill level 13 in Earth Magic
 23259 | Lair:5   | Killed a dire elephant
 23356 | Lair:5   | Found the +7 Spriggan's Knife {stab, EV+4 Stlth+}
 24552 | D:12     | Reached skill level 14 in Earth Magic
 24756 | D:4      | Bought a book of Dangerous Friends for 480 gold pieces
 25174 | D:12     | Reached skill level 1 in Summonings
 26041 | D:12     | Found a runed translucent gate.
 26041 | D:12     | Found a runed translucent gate.
 26043 | D:12     | Found a runed translucent gate.
 26043 | D:12     | Noticed sanboga's ghost (journeyman MiBe)
 26291 | Orc:1    | Entered Level 1 of the Orcish Mines
 26326 | Orc:1    | Slain by an ettin

Illustrated notes

Levels and vault maps discovered:
D:1:      roderic_octagonal_star, layout_basic
D:2:      layout_loops_cross, basic_ecumenical_altar, serial_glass,
          glass_columns_a, glass_columns_b
D:3:      layout_basic, mainiacjoe_overflow_alcove_2, eino_tiny_chamber,
          uniq_ijyb
D:4:      layout_gridville, temple_doors_e, serial_shops, shop,
          saegor_snake_ambush
D:5:      layout_gridville, kennysheep_little_box, gammafunk_ghost_necromancy,
          minmay_increasing_density
D:6:      layout_gridville
D:7:      layout_rooms, lemuel_crystal_altar, serial_shops, nicolae_shop_trees,
          grunt_decor_one_mirror
D:8:      layout_cave_pools, erik_lair_island, roderic_roman_lattice
D:9:      layout_roguey, tso_altar, hiddenorc1_lemuel, interstate_on_off,
          uniq_maurice, uniq_psyche
D:10:     layout_long_grid, nicolae_vehumet_radiance, elyvilon_altar_1,
          gammafunk_ghost_hydra_chop, kennysheep_doodads, uniq_josephine
D:11:     layout_cave_pools
D:12:     layout_roguey [special_room_orc], ebering_ghost_rock_garden
Temple:   regret_index_temple_sphere_string
Lair:1:   dpeg_oklob_gauntlet, layout_misc_corridors, gammafunk_lair_bear_cave
Lair:2:   lemuel_ratsnest, layout_regular_city, minmay_swamp_entry_reptiles,
          guppyfry_snake_entry_island, maelrawn_ghost_gauntlet_escape,
          serial_bayou_crossing
Lair:3:   layout_chaotic_city, lightli_volcano_entry_magma_tube,
          serial_bayou_pond_c, uniq_sonja
Lair:4:   layout_cave_pods, cheibrodos_lair_lostbears
Lair:5:   gammafunk_lair_ancient_temple, layout_hall_layers, slime_entry_1
Orc:1:    layout_caves, serial_shops, shop, minmay_orc_barracks

Skill      XL: |  1  2  3  4  5  6  7  8  9 10 11 12 13 14 |
---------------+-------------------------------------------+-----
Conjurations   | 1 2 3 4 5 8 9 10 11 12 | 12.2
Earth Magic    | 4 5 6 7 8 14 | 14.0
Spellcasting   | 3 4 5 6 8 |  8.0
Shields        | 1 |  1.0
Translocations | 3 8 |  8.0
Fighting       | 2 5 6 8 |  8.0
Dodging        | 2 4 5 6 8 |  8.0
Invocations    | 2 4 6 8 |  8.0
Evocations     | 1 3 5 8 |  8.0
Summonings     | 1 |  1.8
Stealth        | |  2.1
Transmutations | |  0.7

Action                   |  1- 3 |  4- 6 |  7- 9 | 10-12 | 13-15 || total
-------------------------+-------+-------+-------+-------+-------++-------
Melee: Dagger            |       |     5 |       |       |       ||     5
       Spear             |       |     6 |    30 |    50 |    60 ||   146
Throw: Stone             |       |     1 |     1 |     3 |     2 ||     7
 Cast: Sandblast         |    45 |    53 |    44 |    69 |    45 ||   256
       Stone Arrow       |       |     8 |    87 |   192 |   235 ||   522
       Iskenderun's Myst |       |       |     2 |    93 |   145 ||   240
Invok: Channel Magic     |       |       |       |     1 |     3 ||     4
Evoke: Wand              |       |       |       |     4 |    11 ||    15
       Phantom mirror    |       |       |       |       |     1 ||     1
  Use: Scroll            |       |       |       |    15 |    13 ||    28
       Potion            |       |       |       |     1 |       ||     1
Armor: Robe              |     1 |    19 |    34 |    72 |   109 ||   235
Dodge: Dodged            |     1 |    30 |    45 |   123 |   126 ||   325
Block: Buckler           |       |       |     5 |    17 |    23 ||    45
